← All builds
Geo sea / Armada / Economy first / OBSERVED BUILD

Standard geo sea

Armada Geo sea build order · Supreme Isthmus

Shipyard in the cove backed by a bot lab, pushing out early submarines and destroyers to contest the sea while teching up to a geothermal plant around 7:46, the role's bread-and-butter naval contest.

Usually shipyard in the cove (87%)

#naval #eco · 758 distinct matches · 103 players · 80% of Armada Geo sea games · team won 54% of 808 · Recently observed

HOW TO PLAY IT

Key timing: Shipyard by 3:13

  1. Open 3 mex and wind into Bot Lab.
  2. Put up Shipyard with naval turret and BP for defense.
  3. Send out "submarine" then "destroyer" to contest the sea.
  4. Bring geothermal online to fund the fleet.
  5. Add Advanced Metal Extractor as the economy transitions.

Phase by phase

TYPICAL OF ITS 758 GAMES
  1. 1
  2. 2
  3. 3
  4. 4
PLAY THE OPENING

Follow the example game's first 6:00 step by step: what to build now, what comes next, and where it goes. At 1× it keeps pace with your own game.

  1. 1

    Up to the Bot Lab

    Economy
    • Metal Extractor3Mex
    • Wind Turbine3Wind
    Order
    1. Bot LabBot Lab after 3 mex, 3 winddone ~1:12, middle half 1:06–1:17

    Some games also: wind for allies (44%)

    By 0:55 in all: 3 mex · 3 wind

    The example game in this phase · 120 steps
    1. Mex ×4
    2. Energy storage
    3. Mex ×2
    4. Tidal
    5. Construction ShipCon ship
    6. SkaterSkater
    7. Naval Construction Turret
    8. SkaterSkater ×2
    9. EelSubmarine ×2done 4:02 · typical 4:21
    10. Mex ×2
    11. EelSubmarine
    12. Radar TowerRadar Tower
    13. Wind ×2
    14. Grim ReaperGrim Reaper
    15. Wind
    16. Radar TowerRadar Tower
    17. Wind ×3
    18. DolphinDolphin
    19. Wind
    20. DolphinDolphin
    21. Con turret
    22. Wind
    23. DolphinDolphin
    24. Wind
    25. DolphinDolphin
    26. Wind
    27. Energy storage
    28. DolphinDolphin ×2
    29. Energy storage
    30. DolphinDolphin ×2
    31. Energy storage
    32. DolphinDolphin
    33. Construction ShipCon ship
    34. DolphinDolphin
    35. Geothermal PowerplantGeodone 7:41 · typical 7:46
    36. Wind
    37. Construction ShipCon ship
    38. Wind
    39. CorsairDestroyerdone 7:40 · typical 5:35
    40. Wind ×2
    41. Mex ×2
    42. CorsairDestroyer
    43. Converter
    44. AnemoneAnemone
    45. Converter
    46. Energy storage
    47. Advanced Metal ExtractorT2 mexdone 9:29 · typical 9:17
    48. Construction ShipCon ship
    49. Converter
    50. Construction ShipCon ship
    51. Converter
    52. Construction ShipCon ship
    53. Mex
    54. Naval Radar / Sonar TowerNaval Radar / Sonar Tower
    55. Converter
    56. SkaterSkater
    57. Converter
    58. Grim ReaperGrim Reaper
    59. Converter
    60. Advanced Metal ExtractorT2 mex
    61. Converter ×3
    62. Mex
    63. Converter ×2
    64. Advanced Metal ExtractorT2 mex
    65. Converter
    66. Naval Construction Turret
    67. Mex
    68. Converter
    69. Naval Construction Turret
    70. Converter
    71. Naval Construction Turret ×2
    72. Converter
    73. Mex
    74. Advanced ShipyardAdvanced Shipyarddone 11:26
    75. Converter ×2
    76. Naval Radar / Sonar TowerNaval Radar / Sonar Tower
    77. Tidal
    78. Advanced Construction SubAdvanced Construction Sub
    79. Converter
    80. Tidal ×2
    81. Converter
    82. VoyagerVoyager
    83. Naval Energy Converter
    84. VoyagerVoyager
    85. Tidal
    86. VoyagerVoyager ×2
    87. Naval Radar / Sonar TowerNaval Radar / Sonar Tower
    88. Tidal
    89. VoyagerVoyager
    90. Naval Energy Converter
    91. EpochEpochnot finished by 15:00
    92. Tidal ×2
    93. Naval Energy Converter
    94. Tidal
    95. Con turret
    96. Naval Radar / Sonar TowerNaval Radar / Sonar Tower
    97. Tidal
    98. Advanced Metal ExtractorT2 mex
    99. Naval Advanced Metal ExtractorNaval Advanced Metal Extractordone 13:22
    100. Naval Energy Converter
    101. Tidal
    102. Con turret
    103. Tidal
    104. Naval Radar / Sonar TowerNaval Radar / Sonar Tower
    105. Naval Energy Converter
    106. Tidal ×2
    107. Naval Radar / Sonar TowerNaval Radar / Sonar Tower
    108. Naval Advanced Metal ExtractorNaval Advanced Metal Extractor
    109. Tidal
    110. Naval Energy Converter
    111. RattlesnakeRattlesnakenot finished by 15:00
    112. Con turret
    113. Tidal
    114. Naval Radar / Sonar TowerNaval Radar / Sonar Tower
    115. Naval Energy Converter
    116. Tidal
    117. Advanced Geothermal PowerplantAdvanced Geothermal Powerplantnot finished by 15:00
    118. Seaplane PlatformSeaplane Platformnot finished by 15:00
    119. Naval Energy Converter ×2
    120. Bot LabBot Labnot finished by 15:00 · typical 1:12
  2. 2

    Bot Lab to Shipyard

    Economy
    • Metal Extractor1Mex
    • Wind Turbine1Wind
    Order
    1. ShipyardShipyard after 4 mex, 4 winddone ~3:10, middle half 2:49–3:36
    Builders
    • Construction Bot3 Con bot
    • Lazarus2 Lazarus

    Some games also: pawn (43%) · con turret (37%) · crossbow (34%)

    By 2:47 in all: 4 mex · 4 wind

    The example game in this phase · 1 step
    1. ShipyardShipyarddone 2:39 · typical 3:10
  3. 3

    Shipyard to 5:00

    Economy
    • Metal Extractor4Mex
    • Wind Turbine1Wind
    Builders
    • Construction Ship1 Con ship
    Army
    • Dolphin3 Dolphin
    • Skater1 Skater
    • Corsair1 Destroyer
    Other
    • Radar Tower1 Radar Tower

    Some games also: Sentry (44%) · submarine (44%) · converter (32%) · pawn (32%) · con turret (31%)

    By 5:00 in all: 8 mex · 7 wind · 1 energy storage · 1 con turret

  4. 4

    5:00 to 10:00

    Economy
    • Metal Extractor2Mex
    • Wind Turbine12Wind
    • Energy Converter2Converter
    Builders
    • Construction Turret1 Con turret
    • Construction Ship1 Con ship
    • Grim Reaper1 Grim Reaper
    Army
    • Sentry1 Sentry
    • Dolphin5 Dolphin
    • Skater2 Skater
    • Corsair2 Destroyer

    Some games also: Radar Tower (48%) · geo (40%) · frigate (39%) · Harpoon (39%) · Naval Construction Turret (34%)

    By 10:00 in all: 11 mex · 19 wind · 1 geo · 4 converter · 1 energy storage · 2 con turret

Counts are medians over the build's games: half of them build more, half fewer. The example game is Graceful's (38 OS, 02/10/2026); pick another.

Team trades

IN AT LEAST 30% OF ITS GAMES

You hand over

  • Wind Turbine2 Wind to Airfirst at 1:41 · in 62% of games

You get

  • Finch1 Finch from Airfirst at 1:51 · in 74% of games
  • Hercules1 Light transport from Airfirst at 2:04 · in 63% of games
  • Advanced Construction Bot1 T2 con bot from Techfirst at 7:40 · in 89% of games

How it plays out

Typical game of this build, running totals by minute

Metal produced

010k20k30k
0:005:0010:0015:00

metal

Enemy metal destroyed

05k10k
0:005:0010:0015:00

metal

Own metal lost

02.5k5k7.5k
0:005:0010:0015:00

metal

808 games.

Show as table
ByMetal produced: This buildEnemy metal destroyed: This buildOwn metal lost: This build
1:0039500
2:0092800
3:00160200
4:002915051
5:00414517874
6:005554541307
7:0071111005646
8:00877317501052
9:001065425411692
10:001294534302273
11:001558446593178
12:001859557333936
13:002185669014793
14:002551379915646
15:002898891086662
WHAT THE NUMBERS SAY

Standard Armada geo sea nearly matches Cortex's economy numbers but wins slightly more often at 53%.

  • + Metal produced reaches 28785 by 15:00, the highest of the sea builds
  • + Own metal lost of 6895 stays well under enemy metal destroyed's 9048
  • − Geothermal only lands in 58% of games by 7:34
  • − T2 factory completes in only 40% of games by 12:43
THE EXAMPLE YOU ARE READING

Graceful

37.8 OS · 02/10/2026

Open source match ↗

10 received units · includes a constructor
936 metal received · 118835 energy received

Allied construction assistance is unknown. Timings are observations, not a promise of solo reproducibility.

Typical milestones

Bot Lab1:12Middle 50%: 1:06–1:17 · n=775
Shipyard3:10Middle 50%: 2:49–3:36 · n=797
Eel4:21Middle 50%: 3:41–5:34 · n=478
Corsair5:35Middle 50%: 4:50–6:34 · n=746
Geothermal Powerplant7:46Middle 50%: 6:49–9:15 · n=494
Advanced Metal Extractor9:17Middle 50%: 8:36–10:06 · n=702

Played most by

_X_56games of this buildOptimusprimenutt52games of this buildKingBenjai49games of this buildhaaven44games of this buildRexalidus35games of this build
Standard geo sea · Armada Geo sea build order · BAR Build Atlas